 Dungeon Crawl Stone Soup version 0.29.1-1-gd02db6906a (webtiles) character file.

Game seed: 16695094080124481326

357 MisterFreud the Slasher (level 6, -3/44 HPs)
             Began as a Formicid Gladiator on Oct 22, 2022.
             Slain by Duvessa
             ... wielding a +0 short sword
              (4 damage)
             ... on level 4 of the Dungeon.
             The game lasted 00:03:33 (3070 turns).

MisterFreud the Slasher (Formicid Gladiator)        Turns: 3070, Time: 00:03:34

Health: -3/44      AC: 11    Str: 18    XL:     6   Next: 96%
Magic:  6/6        EV:  8    Int:  8    God:
Gold:   191        SH:  0    Dex: 19    Spells: 5/5 levels left

rFire   + + .      SeeInvis +   f - +1 great sword "Juidghef" {spect, rF+ Dex+2}
rCold   . . .      Faith    .   (no shield)
rNeg    + . .      Spirit   .   v - +2 chain mail {rF+}
rPois   .          Reflect  .   (helmet unavailable)
rElec   .          Harm     +   (no cloak)
rCorr   .          Rampage  .   (no gloves)
Will    .....                   (no boots)
Stlth   ..........              g - amulet of Wixowk {Acrobat Harm Fly rN+}
HPRegen 0.14/turn               (no ring)
MPRegen 0.10/turn               (no ring)

@: flying
A: permanent stasis, dig shafts and tunnels, antennae 3, four strong arms
a: Dig, Shaft Self


You were on level 4 of the Dungeon.
You visited 1 branch of the dungeon, and saw 4 of its levels.

You collected 191 gold pieces.

Inventory:

Hand Weapons
 a - a +1 quarterstaff
 f - the +1 great sword "Juidghef" (weapon) {spect, rF+ Dex+2}
   (You found it on level 3 of the Dungeon)

   When its wielder attacks, the weapon's spirit leaps out and strikes again.
   The spirit shares a part of any damage it takes with its wielder.
   Dex:       It affects your dexterity (+2).
   rF:        It protects you from fire.
Missiles
 c - 3 throwing nets (quivered)
 d - 7 javelins
Armour
 b - a +0 leather armour
 v - a +2 chain mail of fire resistance (worn)
Jewellery
 g - the amulet of Wixowk (around neck) {Acrobat Harm Fly rN+}
   (You acquired it on level 2 of the Dungeon)

   [amulet of the acrobat]

   It increases your evasion while moving and waiting.
   rN:        It protects you from negative energy.
   Fly:       It grants you flight.
   Harm:      It increases damage dealt and taken.
 h - a +4 ring of protection
 x - a ring of wizardry
Scrolls
 n - a scroll of acquirement
 y - a scroll of poison {unknown}
 A - a scroll of amnesia {unknown}
Potions
 e - 6 potions of curing
 i - 2 potions of brilliance
 j - a potion of haste {unknown}
 k - a potion of lignification {unknown}
 m - 2 potions of attraction
 o - a potion of degeneration {unknown}
 p - a potion of berserk rage {unknown}
 r - a potion of flight {unknown}
 w - a potion of mutation {unknown}
 z - a potion of experience {unknown}


   Skills:
 - Level 2.1 Fighting
 + Level 4.9 Long Blades
 - Level 3.3 Staves
 - Level 2.0 Throwing
 + Level 4.0 Armour
 - Level 2.6 Dodging


You had 5 spell levels left.
You didn't know any spells.
Your spell library contained the following spells:

 Spells                   Type           Power      Damage    Failure   Level
 Shock                    Conj/Air       0%         1d3       99%         1
 Airstrike                Air            0%         2d(0-16)  100%        4
 Swiftness                Air            Unusable   N/A       N/A         3

Dungeon Overview and Level Annotations

Branches:
Dungeon (4/15)
 Temple: D:4-7

Altars:
Dithmenos

Annotations:
D:4 Duvessa


Innate Abilities, Weirdness & Mutations

You cannot be hasted, slowed, berserked, paralysed or teleported.
You can dig through walls and to a lower floor.
You have a pair of large antennae on your head. (SInv)
Your four strong arms can wield two-handed weapons with a shield.


Message History

The orc shouts!
An orc is nearby!
You closely miss the orc.
Your +1 great sword "Juidghef" {spect, rF+ Dex+2} hits the orc!!
You kill the orc!
No target in view!
You sense a monster nearby.
No target in view!
Duvessa, Sister of Dowan comes into view.
She is wielding a +0 short sword.
Duvessa shouts!
Duvessa goes berserk!
Duvessa rages.
Things that are here:
a +0 hand axe; a +0 ring mail; 11 gold pieces You hit Duvessa but do no damage.
Duvessa hits you with a +0 short sword. x2
You slash Duvessa!
Duvessa is moderately wounded.
Duvessa hits you but does no damage. x2
You slash Duvessa!
Duvessa is moderately wounded.
Duvessa hits you but does no damage. Duvessa barely misses you.
Duvessa attacks as you move away! Duvessa hits you with a +0 short sword.
Duvessa misses you.
You completely miss Duvessa.
Duvessa is moderately wounded.
Your +1 great sword "Juidghef" {spect, rF+ Dex+2} hits Duvessa!
Duvessa misses your +1 great sword "Juidghef" {spect, rF+ Dex+2}.
Duvessa hits your +1 great sword "Juidghef" {spect, rF+ Dex+2} with a +0 short sword.
You barely miss Duvessa.
Duvessa is heavily wounded.
Your +1 great sword "Juidghef" {spect, rF+ Dex+2} hits Duvessa!
Duvessa hits you with a +0 short sword!
* * * LOW HITPOINT WARNING * * *
Duvessa hits you with a +0 short sword.
* * * LOW HITPOINT WARNING * * *
You hit Duvessa.
Duvessa is almost dead.
Your +1 great sword "Juidghef" {spect, rF+ Dex+2} hits Duvessa!
Duvessa hits you with a +0 short sword.
You die...

......#####..##..####
........#..###...###
.............##..#.#
......)...##..##...##
##..##....##...#
##..)#._...###...
###....##....# #..#
#e(.#...##..#####.#
.......#@.#..)...##...#..
......##..#..†.###....#.#
...... ##..####...##..#.#
..... #..... #####...#..
..... ......## #......#
#... .....## ##.....#
#... ##.### #######


You could see Duvessa (berserk) and a friendly +1 great sword "Juidghef" {spect,
rF+ Dex+2} (summoned).

Vanquished Creatures
  2 phantoms (D:4)
  Dowan (D:4)
  An orc priest (D:4)
  An orc wizard (D:4)
  3 adders
  A white imp (D:4)
  A worm (D:3)
  2 dart slugs (D:1)
  6 orcs (D:4)
  6 ball pythons
  5 bats (D:1)
  12 endoplasms
  A giant cockroach (D:1)
  11 goblins
  3 hobgoblins
  A quokka (D:1)
  2 frilled lizards (D:2)
  A kobold (D:2)
60 creatures vanquished.

Notes
Turn   | Place    | Note
-------+----------+-------------------------------------------
     0 | D:1      | MisterFreud the Formicid Gladiator began the quest for the
                  | Orb.
     0 | D:1      | Reached XP level 1. HP: 16/16 MP: 1/1
    82 | D:1      | You fall into a shaft and drop 1 floor!
   115 | D:2      | You fall into a shaft and drop 1 floor!
   363 | D:3      | Identified the +1 great sword "Juidghef" {spect, rF+ Dex+2}
   551 | D:3      | Reached XP level 2. HP: 22/22 MP: 2/2
   563 | D:3      | Reached skill level 1 in Long Blades
  1010 | D:2      | Reached XP level 3. HP: 22/27 MP: 3/3
  1243 | D:1      | Reached XP level 4. HP: 31/33 MP: 4/4
  1850 | D:2      | Found a faded altar of an unknown god.
  2306 | D:2      | Identified 2 scrolls of acquirement
  2306 | D:2      | Acquired the amulet of Wixowk {Acrobat Harm Fly rN+}
  2584 | D:4      | Noticed a phantom
  2587 | D:4      | Reached skill level 1 in Armour
  2588 | D:4      | Killed a phantom
  2589 | D:4      | Reached XP level 5. HP: 38/38 MP: 5/5
  2688 | D:4      | Reached XP level 6. HP: 24/44 MP: 6/6
  3020 | D:4      | Found a shadowy altar of Dithmenos.
  3048 | D:4      | Noticed Dowan
  3054 | D:4      | Killed Dowan
  3062 | D:4      | Noticed Duvessa
  3069 | D:4      | HP: 1/44 [Duvessa/+0 short sword (4)]
  3070 | D:4      | Slain by Duvessa

Illustrated notes

Levels and vault maps discovered:
D:1:      dpeg_arrival_another_circle, layout_rooms
D:2:      layout_loops_corners, chequers_ecumenical_altar_twisty
D:3:      layout_basic
D:4:      layout_cave_pools, nicolae_dithmenos_through_a_glass_darkly,
          mainiacjoe_overflow_swirl, kennysheep_generic_room_4, uniq_duvessa

Skill      XL: |  1  2  3  4  5  6 |
---------------+-------------------+-----
Long Blades    | 2 3 4 |  4.9
Armour         | 2 4 |  4.0
Fighting       | |  2.1
Staves         | |  3.3
Throwing       | |  2.0
Dodging        | |  2.6

Action                   |  1- 3 |  4- 6 || total
-------------------------+-------+-------++-------
Melee: Quarterstaff      |    12 |       ||    12
       Great sword       |    31 |    52 ||    83
       Punch             |       |     1 ||     1
 Abil: Shaft Self        |     2 |       ||     2
       Dig               |     1 |       ||     1
  Use: Scroll            |       |    11 ||    11
 Stab: Sleeping          |     2 |       ||     2
       Distracted        |       |     1 ||     1
Armor: Leather armour    |    18 |     1 ||    19
       Chain mail        |       |    21 ||    21
Dodge: Dodged            |    35 |    22 ||    57
